 Dungeon Crawl Stone Soup version 0.20.1-1-g8b1a95d (webtiles) character file.

179 pstr the Conjurer (level 5, -2/28 HPs)
             Began as a Kobold Conjurer on Nov 17, 2017.
             Slain by a bullfrog (5 damage)
             ... in a sewer.
             The game lasted 00:06:41 (2536 turns).

pstr the Conjurer (Kobold Conjurer)                 Turns: 2536, Time: 00:06:41

Health: -2/28      AC:  2    Str:  6    XL:     5   Next: 90%
Magic:  7/10       EV: 16    Int: 17    God:
Gold:   28         SH:  0    Dex: 15    Spells: 7/10 levels left

rFire    . . .     SeeInvis .   (weapon restricted)
rCold    . . .     Gourm    .   (shield restricted)
rNeg     . . .     Faith    .   a - +0 robe
rPois    .         Spirit   .   (no helmet)
rElec    .         Reflect  .   (no cloak)
rCorr    .         Harm     .   (no gloves)
MR       .....                  (no boots)
Stlth    ++........             (no amulet)
Regen    0.1/turn               (no ring)
MPRegen  0.2/turn               (no ring)

@: very slow
A: carnivore 3
a: no special abilities


You were in a sewer.
You were very full.

You visited 1 branch of the dungeon, and saw 3 of its levels.
You also visited: Sewer.

You collected 28 gold pieces.

Inventory:

Missiles
 i - 19 arrows
 j - 14 stones (quivered)
Armour
 a - a +0 robe (worn)
 p - a +0 ring mail
Scrolls
 d - 2 scrolls of identify {unknown}
 f - a scroll of recharging {unknown}
 g - 3 scrolls of remove curse {unknown}
 h - a scroll of enchant weapon {unknown}
 k - a scroll of magic mapping {unknown}
 m - a scroll of enchant armour {unknown}
Potions
 l - a potion of flight {unknown}
 n - a potion of haste {unknown}
 q - a potion of degeneration {unknown}
Books
 b - a book of Conjurations

   Spells                             Type                      Level
   a - Magic Dart                     Conjuration                  1
   b - Searing Ray                    Conjuration                  2
   c - Dazzling Spray                 Conjuration/Hexes            3
   d - Fulminant Prism                Conjuration/Hexes            4
   e - Force Lance                    Conjuration/Translocation    4
   f - Iskenderun's Mystic Blast      Conjuration                  4
Comestibles
 c - a meat ration


   Skills:
 + Level 3.1 Dodging
 + Level 3.6 Stealth
 + Level 3.3 Spellcasting
 + Level 5.6 Conjurations


You had 7 spell levels left.
You knew the following spells:

 Your Spells              Type           Power        Failure   Level  Hunger
a - Magic Dart            Conj           ###.         1%          1    None
b - Searing Ray           Conj           ###...       2%          2    ##.....


Dungeon Overview and Level Annotations

Branches:
Dungeon (3/15)

Altars:


Innate Abilities, Weirdness & Mutations

You are small and have problems with some larger weapons.
You are carnivorous and can eat meat at any time.


Message History

(Press . to maintain the ray.)
The bullfrog croaks.
The bullfrog closely misses you. The bullfrog hits you.
Casting: Searing Ray
Confirm with . or Enter, or press ? or * to list all spells.
Aiming: Searing Ray
Press: ? - help, Shift-Dir - straight line, f/p - bullfrog
Aim: a bullfrog (moderately wounded)
Okay, then.
The bullfrog hits you. x2; The bullfrog hits you!
* * * LOW HITPOINT WARNING * * *
The bullfrog misses you.
You enter the shallow water.
Moving in this stuff is going to be slow.
The bullfrog completely misses you. The bullfrog misses you.
It was a potion of curing.
You feel better. The bullfrog hits you. The bullfrog hits you!
* * * LOW HITPOINT WARNING * * *
The bullfrog completely misses you. The bullfrog hits you.
You die...

##≈≈≈##≈≈≈≈###≈≈≈≈≈###.≈≈≈##.
#.≈.≈#≈.≈≈##≈≈≈≈≈≈≈≈≈##≈≈≈≈#≈
##.≈≈##≈.≈##≈≈≈...≈.≈≈≈##.≈≈##
#.≈≈≈#≈≈.≈#≈≈..?$..≈≈≈≈≈#.≈≈.#
#∩.≈≈#..≈≈#....($.≈≈.≈≈≈#≈≈≈≈#
#.≈≈≈#≈≈≈≈#.≈≈≈=≈≈≈≈≈≈≈≈#†≈.≈#
##.≈.##.≈≈#≈≈..≈≈≈.≈≈≈≈##≈≈≈##
#.≈≈≈#.≈≈#..FF≈≈≈≈≈≈≈##≈≈≈≈#≈
##.≈≈##.≈##≈@#≈≈≈≈≈###≈≈.≈##≈
#.≈≈÷##≈.#.≈#######≈≈≈.≈##≈≈
##≈.≈.#≈≈##...≈.†≈≈≈≈.###≈≈≈
##≈≈.≈.≈≈#..≈≈..≈≈####≈≈≈≈.
####.≈.#######≈∩≈#≈≈≈≈≈≈≈#
##≈≈#≈.≈..#####≈.≈≈####
####≈≈≈≈≈≈≈≈≈≈≈####≈≈∩
#.≈≈#########≈....#
#.≈≈≈≈≈.≈≈....∩.###


You could see 2 bullfrogs.

Vanquished Creatures
  A gnoll (D:2)
  5 adders
  14 oozes (Sewer)
  A worm (D:3)
  9 leopard geckos (Sewer)
  A bat (D:1)
  9 giant cockroaches
  2 goblins
  2 hobgoblins
  5 ball pythons (Sewer)
  7 frilled lizards (Sewer)
  2 kobolds
  A rat (D:1)
59 creatures vanquished.

Notes
Turn   | Place    | Note
-------+----------+-------------------------------------------
     0 | D:1      | pstr the Kobold Conjurer began the quest for the Orb.
     0 | D:1      | Reached XP level 1. HP: 10/10 MP: 3/3
   383 | D:1      | Reached XP level 2. HP: 15/15 MP: 1/5
   387 | D:1      | Learned a level 2 spell: Searing Ray
   674 | D:2      | Reached XP level 3. HP: 19/19 MP: 1/6
   828 | D:3      | Found a glowing drain.
   904 | Sewer    | Entered a sewer
   942 | Sewer    | Reached skill level 5 in Conjurations
   942 | Sewer    | Reached XP level 4. HP: 24/24 MP: 4/7
  1533 | Sewer    | Reached XP level 5. HP: 26/28 MP: 0/9
  2528 | Sewer    | Noticed a bullfrog
  2530 | Sewer    | Noticed a bullfrog
  2536 | Sewer    | Slain by a bullfrog

Skill      XL: |  1  2  3  4  5 |
---------------+----------------+-----
Conjurations   | 5 |  5.6
Stealth        | 3 |  3.6
Spellcasting   | 3 |  3.3
Dodging        | 3 |  3.1

Action                   |  1- 3 |  4- 6 || total
-------------------------+-------+-------++-------
Melee: Unarmed           |     2 |       ||     2
 Cast: Magic Dart        |    23 |    35 ||    58
       Searing Ray       |     4 |    27 ||    31
  Use: Potion            |       |     1 ||     1
  Eat: Chunk             |     9 |     6 ||    15
Armor: Robe              |     5 |     7 ||    12
Dodge: Dodged            |    18 |    36 ||    54
